Map: Persephone LE

Players

LiadonCranel

  • Race: Terran Terran
  • League: Platinum
  • Spawn Location: 7:00

SubN - Winner!

  • Race: Zerg Zerg
  • League: Diamond
  • Spawn Location: 11:00

VOD

Have the link to the VOD?

Description

Time

  • Played on: July 31, 2025, 2:28 p.m.
  • Length: 18:36
Show
View Real Time Build Order
Export as new Build Order

LiadonCranel Terran 

Build Orders: Mech 

Get SALT Encoding   

  12  0:00  SCV  
  13  0:12  SCV  
  14  0:18  Supply Depot  
  14  0:24  SCV  
  15  0:39  SCV  
  15  0:40  Barracks  
  16  0:45  Refinery  
  16  0:51  SCV  
  17  1:03  SCV  
  18  1:16  SCV  
  19  1:28  Reaper, SCV  
  21  1:33  Command Center  
  21  1:40  SCV  
  21  1:42  Refinery  
  22  1:52  SCV  
  22  1:53  Supply Depot  
  23  2:06  Barracks Tech Lab  
  23  2:07  Orbital Command  
  23  2:20  Factory  
  23  2:30  Stimpack  
  23  2:32  SCV  
  24  2:44  SCV  
  24  2:47  Marine  
  26  2:52  SCV  
  26  2:53  Bunker  
  26  2:56  SCV  
  28  3:04  SCV  
  29  3:08  SCV  
  29  3:10  Factory Tech Lab  
  29  3:11  Marine  
  31  3:16  SCV  
  31  3:20  Refinery  
  31  3:21  SCV  
  31  3:26  Engineering Bay  
  32  3:28  SCV  
  32  3:29  Marine  
  32  3:33  Bunker  
  34  3:37  Barracks  
  34  3:39  SCV  
  34  3:40  SCV  
  36  3:47  Marine  
  37  3:49  Siege Tank  
  37  3:51  SCV  
  37  3:52  SCV  
  42  4:00  Neosteel Armor  
  42  4:03  SCV  
  42  4:05  Marine  
  42  4:09  Combat Shield  
  45  4:15  SCV  
  45  4:28  Barracks Reactor  
  45  4:30  Command Center  
  45  4:32  SCV  
  45  4:36  Refinery  
  46  4:39  Supply Depot  
  46  4:42  Supply Depot  
  46  4:46  Supply Depot  
  46  4:48  Supply Depot  
  46  4:50  Factory  
  46  5:01  SCV x2  
  46  5:03  Supply Depot  
  46  5:05  Supply Depot  
  48  5:13  SCV  
  49  5:16  Engineering Bay  
  49  5:17  Marine x2  
  49  5:18  Marine  
  52  5:23  SCV  
  53  5:30  Siege Tank  
  56  5:41  Sensor Tower  
  56  5:42  SCV x2  
  58  5:43  SCV  
  58  5:46  Factory Tech Lab  
  59  5:51  Terran Infantry Weapons Level 1  
  59  5:54  Terran Infantry Armor Level 1  
  59  5:56  Starport  
  59  5:59  Starport  
  59  6:04  Refinery, SCV x3  
  61  6:05  Refinery  
  62  6:12  Siege Tank  
  65  6:18  Mag-Field Accelerator  
  65  6:21  SCV  
  65  6:22  SCV  
  65  6:24  SCV  
  68  6:34  Starport Tech Lab  
  68  6:36  Sensor Tower  
  68  6:40  Armory  
  68  6:42  Fusion Core  
  68  6:43  SCV  
  68  6:44  Armory  
  68  6:45  SCV  
  68  6:46  SCV  
  71  6:56  SCV  
  71  6:57  SCV  
  71  6:59  Starport, Barracks Reactor, SCV  
  74  7:11  Command Center  
  74  7:21  SCV  
  74  7:22  SCV x2  
  77  7:24  Marine x2  
  77  7:26  Siege Tank  
  82  7:30  Siege Tank  
  82  7:33  SCV  
  82  7:34  SCV  
  87  7:39  Drilling Claws  
  87  7:40  Factory  
  87  7:45  Terran Vehicle And Ship Armor Level 1  
  87  7:48  SCV  
  87  7:51  Orbital Command  
  88  7:54  Orbital Command  
  88  7:58  Smart Servos  
  88  8:01  Terran Infantry Weapons Level 2  
  88  8:03  Terran Infantry Armor Level 2  
  88  8:09  Terran Ship Weapons Level 1  
  88  8:14  Marine x3  
  91  8:20  SCV  
  91  8:26  SCV  
  91  8:27  Refinery  
  93  8:32  SCV  
  94  8:38  SCV  
  94  8:40  Refinery  
  95  8:42  SCV  
  95  8:44  SCV  
  97  8:50  SCV  
  97  8:51  Supply Depot  
  97  8:52  Supply Depot  
  97  8:53  Factory Reactor  
  97  8:54  Supply Depot, SCV  
  99  8:56  SCV  
  99  8:57  Marine x2, Infernal Pre-Igniter  
  99  8:58  Marine  
  99  8:59  Marine  
  99  9:02  SCV  
  105  9:06  SCV  
  105  9:08  Siege Tank x2  
  112  9:13  Supply Depot  
  112  9:16  Cloaking Field  
  113  9:19  Starport Tech Lab  
  113  9:21  Marine x4  
  100  9:38  Marine  
  100  9:39  Marine x3  
  100  9:40  Terran Vehicle Weapons Level 1, Siege Tank  
  106  9:56  Marine  
  98  10:01  Marine x3  
  97  10:18  Hi-Sec Auto Tracking  
  94  10:30  Marine  
  94  10:31  Marine x3  
  89  10:46  Siege Tank  
  89  10:47  Siege Tank  
  89  10:48  Marine, Widow Mine x2  
  89  10:49  Marine x3  
  100  10:51  Medivac  
  102  11:06  Orbital Command, Marine x2  
  102  11:09  Widow Mine  
  102  11:10  Widow Mine  
  108  11:19  Siege Tank x2  
  108  11:25  Medivac x2  
  118  11:27  Bunker, Missile Turret  
  118  11:29  Refinery, Bunker  
  118  11:30  Refinery  
  118  11:31  Widow Mine x2  
  122  11:33  Bunker  
  122  11:34  Missile Turret  
  122  11:51  Siege Tank x2  
  122  11:52  SCV x3  
  131  12:04  SCV x3  
  134  12:09  Marine  
  134  12:10  Marine x2  
  137  12:16  SCV x3  
  137  12:19  Medivac x2  
  144  12:23  Siege Tank  
  144  12:26  Planetary Fortress  
  144  12:28  SCV  
  148  12:32  Bunker  
  148  12:33  Bunker  
  148  12:39  Bunker  
  148  12:41  Refinery  
  148  12:42  Refinery  
  148  12:46  Missile Turret, SCV x3  
  148  12:48  Missile Turret  
  151  12:57  Marine x3  
  151  12:58  SCV x2  
  156  13:09  Missile Turret  
  156  13:14  Marine x2, SCV x2  
  156  13:15  Marine x2  
  162  13:20  Supply Depot  
  162  13:22  Supply Depot  
  162  13:23  Siege Tank  
  162  13:26  SCV  
  166  13:32  Marine x2  
  168  13:34  Missile Turret  
  168  13:38  Missile Turret x2, SCV  
  159  13:45  Supply Depot  
  157  13:49  Marine x2  
  157  13:50  Marine x2, Siege Tank, SCV  
  157  13:55  Siege Tank  
  168  13:57  Missile Turret x2  
  168  13:58  Missile Turret x2  
  168  14:02  Missile Turret  
  168  14:03  SCV  
  168  14:04  SCV  
  170  14:15  Sensor Tower, SCV  
  170  14:16  Caduceus Reactor, SCV  
  172  14:20  Marine  
  172  14:21  Marine x2  
  172  14:23  Siege Tank  
  179  14:25  Terran Ship Weapons Level 2  
  179  14:27  Terran Vehicle And Ship Armor Level 2, Siege Tank  
  179  14:28  SCV  
  179  14:30  Terran Infantry Weapons Level 3  
  182  14:33  Terran Infantry Armor Level 3  
  182  14:52  Battlecruiser x2  
  192  14:56  Battlecruiser  
  194  15:11  Marine x3  
  194  15:12  Marine  
  198  15:17  Weapon Refit  
  140  16:31  Marine  
  140  16:32  Marine x3  
  138  16:33  Siege Tank x2  
  135  16:49  Marine x4  
  127  16:56  Advanced Ballistics  
  127  17:05  Siege Tank x2  
  127  17:07  Marine x4  
  137  17:09  Bunker  
  137  17:10  Bunker  
  137  17:13  Bunker  
  137  17:14  Missile Turret x2  
  124  17:16  Missile Turret, Refinery  
  124  17:17  Sensor Tower, Command Center  
  124  17:22  Refinery  
  124  17:25  Marine x4  
  128  17:37  Bunker, Siege Tank x2  
  128  17:38  Supply Depot  
  128  17:40  Bunker, Supply Depot  
  128  17:42  Marine  
  128  17:43  Viking x3, Marine x3  
  136  18:00  Marine  
  136  18:01  Marine x3  
  127  18:09  Widow Mine  
  127  18:10  Widow Mine  
  130  18:18  Marine  
Show
View Real Time Build Order
Export as new Build Order

SubN Zerg - Winner!

Build Orders: Hatch First 

Get SALT Encoding   

  12  0:01  Drone  
  13  0:09  Drone  
  14  0:15  Extractor  
  14  0:17  Drone  
  15  0:23  Overlord  
  15  0:44  Hatchery  
  15  0:48  Drone  
  15  0:51  Drone  
  15  0:55  Drone  
  17  0:59  Drone  
  18  1:05  Extractor  
  17  1:16  Spawning Pool  
  16  1:19  Drone  
  16  1:22  Drone  
  18  1:31  Drone  
  19  1:49  Drone  
  20  1:54  Drone  
  21  2:03  Queen x2  
  21  2:04  Zergling x4  
  27  2:13  Overlord  
  27  2:19  Metabolic Boost  
  27  2:45  Queen x2  
  31  2:57  Hatchery  
  30  3:08  Drone x6  
  35  3:25  Overlord  
  35  3:28  Overlord  
  35  3:30  Overlord  
  35  3:42  Overlord  
  35  3:43  Queen  
  35  3:47  Drone  
  39  3:48  Drone  
  39  3:49  Drone  
  39  3:50  Drone x4  
  44  4:00  Drone x4  
  48  4:18  Spore Crawler  
  48  4:22  Queen  
  50  4:24  Drone  
  50  4:26  Drone x6  
  50  4:28  Spore Crawler  
  55  4:32  Spore Crawler  
  55  4:35  Zergling x4  
  56  4:41  Drone x2  
  56  4:44  Overlord  
  56  4:45  Extractor  
  57  4:46  Extractor  
  56  4:57  Drone, Baneling Nest  
  56  4:58  Drone x3  
  59  5:01  Queen  
  59  5:03  Lair  
  59  5:05  Drone x2  
  59  5:06  Drone  
  64  5:13  Drone x3  
  67  5:25  Drone  
  67  5:27  Drone  
  67  5:28  Drone x4  
  73  5:37  Overlord  
  73  5:38  Overlord x2  
  73  5:52  Overlord  
  73  5:54  Drone  
  74  6:03  Drone  
  74  6:04  Drone  
  76  6:05  Drone x3, Spire  
  76  6:06  Extractor  
  76  6:09  Drone  
  76  6:10  Zergling x2  
  76  6:11  Zergling x10  
  84  6:13  Baneling x7  
  84  6:15  Centrifugal Hooks  
  84  6:34  Baneling x4  
  84  6:35  Baneling x4  
  84  6:36  Zergling x10, Evolution Chamber  
  84  6:37  Zergling x10  
  93  6:54  Spore Crawler  
  93  6:57  Spore Crawler  
  93  6:58  Zergling x14  
  98  7:03  Overlord  
  98  7:09  Zerg Melee Weapons Level 1  
  98  7:14  Drone x2  
  100  7:17  Extractor  
  100  7:18  Extractor  
  100  7:21  Drone  
  99  7:30  Drone x2  
  99  7:31  Drone x4  
  99  7:33  Hatchery  
  104  7:45  Drone  
  104  7:48  Zerg Flyer Weapons Level 1  
  104  7:50  Overlord x2, Infestation Pit  
  104  7:51  Overlord  
  104  8:07  Zergling x4  
  104  8:08  Zergling x12  
  112  8:15  Mutalisk  
  112  8:16  Mutalisk x6  
  112  8:17  Mutalisk  
  128  8:30  Mutalisk  
  128  8:31  Mutalisk  
  132  8:35  Mutalisk  
  134  8:41  Overlord x3  
  134  8:43  Drone  
  134  8:44  Drone x6  
  134  8:45  Queen  
  143  8:51  Overlord  
  143  9:03  Zerg Ground Armor Level 1  
  143  9:04  Overseer x3  
  143  9:15  Spore Crawler  
  143  9:16  Drone x2  
  144  9:17  Overlord, Spine Crawler  
  144  9:18  Overlord x2  
  144  9:21  Queen  
  140  9:42  Mutalisk x3  
  140  9:45  Infestor x4  
  154  10:13  Infestor  
  154  10:14  Infestor x2  
  132  11:06  Zerg Melee Weapons Level 2  
  132  11:08  Hive  
  132  11:18  Overseer x2  
  132  11:41  Nydus Network  
  132  11:43  Baneling x5  
  132  11:44  Baneling  
  129  12:11  Zergling x28, Hatchery  
  129  12:12  Zergling x6  
  129  12:13  Extractor  
  129  12:15  Overlord x4  
  144  12:25  Overlord  
  144  12:26  Overlord  
  144  12:27  Overlord  
  141  12:52  Greater Spire, Corruptor x2  
  141  12:53  Corruptor x5  
  141  12:54  Corruptor  
  157  13:00  Drone x3  
  157  13:02  Drone x5  
  157  13:03  Drone x2  
  167  13:07  Drone x3, Extractor  
  167  13:08  Drone x3, Extractor  
  167  13:09  Drone x4  
  175  13:14  Baneling x5  
  175  13:21  Zerg Ground Armor Level 2  
  175  13:35  Hatchery  
  175  13:37  Drone x4  
  176  13:45  Baneling x6  
  175  13:51  Hatchery, Extractor  
  175  13:53  Extractor  
  172  14:04  Brood Lord x6  
  172  14:05  Brood Lord x2, Zerg Flyer Weapons Level 2  
  188  14:13  Zergling x22  
  199  14:25  Extractor  
  198  14:51  Adrenal Glands  
  198  15:38  Zerg Melee Weapons Level 3  
  198  16:08  Corruptor  
  198  16:09  Corruptor x8  
  198  16:10  Corruptor x2  
  198  16:11  Corruptor x6  
  161  16:26  Corruptor  
  161  16:27  Corruptor x2  
  161  16:31  Zergling x2  
  161  16:32  Zergling x32  
  172  16:33  Zergling x22  
  172  16:34  Zergling x30  
  190  17:00  Baneling x5  
  190  17:01  Baneling x4  
  187  17:02  Baneling  
  187  17:04  Brood Lord x6  
  194  17:30  Brood Lord x3  
  194  17:31  Zergling x2  
  178  18:16  Zergling x2  
  178  18:17  Zergling x38  
  178  18:18  Zergling x10  
Tags
 
Composition
Mech
Matchup
TvZ
Replay Pack
Multiplayer
Spawn Locations
Close Positions
Add a new tag
Caveats
  • Supply blocks, unpowered buildings, or Contaminate may cause inaccurate times.
  • Supply counts are checked every 10 seconds.